 Dungeon Crawl Stone Soup version 0.31-a0-986-g5e6e4ef867 (webtiles) character file.

Game seed: 2054152692479238223

1921 timneilson the Ruffian (level 9, -4/61 HPs)
             Began as an Octopode Shapeshifter on Nov 16, 2023.
             Was an Initiate of Gozag.
             Engulfed by a steam dragon's steam (10 damage)
             ... on level 7 of the Dungeon.
             The game lasted 00:08:52 (5451 turns).

timneilson the Ruffian (Octopode Shapeshifter)      Turns: 5451, Time: 00:08:53

Health: -4/61      AC:  1    Str: 17    XL:     9   Next: 17%
Magic:  9/9        EV: 16    Int: 13    God:    Gozag
Gold:   294        SH:  0    Dex: 17    Spells: 8/8 levels left

rFire   . .          .
                       - Unarmed
rCold   . . .        (no shield)
rNeg    . . .        (helmet currently unavailable)
rPois   .            (no amulet)
rElec   .            k - +6 ring of dexterity
rCorr   .            (no ring)
SInv    .            (no ring)
Will    .....        (no ring)
Stlth   ++           (no ring)
HPRegen 0.30/turn    (no ring)
MPRegen 0.11/turn    (no ring)
                     (no ring)

%: no passive effects
@: confused, beast-form, ambrosia-drunk, gold aura
A: beast (slay +3), almost no armour, amphibious, 8 rings, camouflage 1,
gelatinous body 1, (nimble swimmer 1), tentacles
a: Begin Untransformation, Renounce Religion, Potion Petition, Call Merchant,
Bribe Branch


You were on level 7 of the Dungeon.
You worshipped Gozag.
Gozag was aware of your devotion.
You were a hulking beast.
You visited 2 branches of the dungeon, and saw 8 of its levels.

You collected 434 gold pieces.
You paid 140 gold pieces to Gozag.

Inventory:

Jewellery
 k - a +6 ring of dexterity (left tentacle)
 s - a ring of wizardry
Talismans
 b - a beast talisman
 c - a flux talisman
Wands
 q - a wand of iceblast (4)
Scrolls
 f - a scroll of fog
 o - 4 scrolls of teleportation
 r - a scroll of identify
 t - a scroll of immolation
Potions
 a - 2 potions of lignification
 e - a potion of invisibility
 g - a potion of brilliance {unknown}
 h - a potion of mutation {unknown}
 i - 3 potions of enlightenment
 j - 3 potions of curing {unknown}
 l - 2 potions of resistance {unknown}
 m - 2 potions of haste {unknown}
 n - a potion of cancellation {unknown}
 p - a potion of magic {unknown}


   Skills:
 * Level 5.0 Fighting
 * Level 5.4 Dodging
 + Level 5.3 Stealth
 * Level 6.1 Unarmed Combat
 + Level 3.4 Evocations
 * Level 5.6 Shapeshifting


You had 8 spell levels left.
You didn't know any spells.
Your spell library contained the following spells:

 Spells                   Type           Power      Damage    Failure   Level
 Lesser Beckoning         Tloc           0%         N/A       43%         2
 Gell's Gravitas          Tloc           0%         N/A       67%         3
 Teleport Other           Tloc           0%         N/A       67%         3
 Brom's Barrelling Bould  Conj/Erth      0%         2d3       97%         4
 Fireball                 Conj/Fire      0%         3d3       100%        5
 Iskenderun's Battlesphe  Conj           0%         2d6       100%        5
 Conjure Ball Lightning   Conj/Air       0%         3x3d6     100%        6
 Orb of Destruction       Conj           0%         9d5       100%        7


Dungeon Overview and Level Annotations

Branches:
Dungeon (7/15)             Temple (1/1) D:5

Altars:
Ashenzari
Cheibriados
Dithmenos
Elyvilon
Fedhas
Gozag
Hepliaklqana
Kikubaaqudgha
Makhleb
Nemelex Xobeh
Okawaru
Qazlal
Ru
Sif Muna
Trog
Uskayaw
Vehumet
Wu Jian
Xom
Yredelemnul

Shops:
D:1 !


Innate Abilities, Weirdness & Mutations

You are a hulking beast.
Your limbs bulge with bestial killing power. (Slay +3)
You cannot wear most types of armour.
You are amphibious.
You can wear up to eight rings at the same time.
Your skin changes colour to match your surroundings (Stealth+).
Your rubbery body absorbs attacks. (AC +1, EV +1)
((You are camouflaged when in or above water. (Stealth+)))
You have tentacles for arms and can constrict up to eight enemies at once.


Message History

You bludgeon the centaur! You squeeze the centaur!
You kill the centaur!
Your Unarmed Combat skill increases to level 6!
You closely miss the phantom.
The phantom is no longer distracted by gold.
Your tentacle-slap misses the phantom.
You squeeze the phantom!
You destroy the phantom!
Your Fighting skill increases to level 5!
You now have 267 gold pieces (gained 4).
You now have 288 gold pieces (gained 21).
You see here a +0 orcbow.
You now have 294 gold pieces (gained 6).
A bullfrog comes into view.
The bullfrog croaks.
You closely miss the bullfrog.
The steam dragon hisses angrily.
You grab the bullfrog. You tentacle-slap the bullfrog.
You squeeze the bullfrog!
The bullfrog is heavily wounded.
You constrict the bullfrog. The bullfrog hits you! x2
You bludgeon the bullfrog! You tentacle-slap the bullfrog.
You kill the bullfrog!
The steam dragon breathes steam at you. The ball of steam hits you!!
You are engulfed in a cloud of scalding steam.
* * * LOW HITPOINT WARNING * * *
You see here 5 gold pieces.
You are engulfed in a cloud of scalding steam.
* * * LOW HITPOINT WARNING * * *
The steam dragon misses you. The steam dragon completely misses you.
It was a potion of ambrosia.
You are confused.
You feel invigorated.
You are engulfed in a cloud of scalding steam.
* * * LOW HITPOINT WARNING * * *
The steam dragon is distracted by your dazzling golden aura.
You bump into the stone wall.
You are engulfed in a cloud of scalding steam.
You die...
Your body crumbles into a pile of gold.

#.####........###
###..###.###.#(..#
#..).##..# .....#
#.......## ##....
#§§§.#### #..#
#§§§..# .. #...§§#
#....$#####
#...§.h...#
######.D#..# ##...
# ##... ...# ....
... ##.


You could see a steam dragon (unaware).

Vanquished Creatures
  A steam dragon (D:7)
  2 water moccasins
  2 black bears
  2 orc warriors (D:7)
  An ice beast (D:6)
  2 ogres (D:5)
  A centaur (D:7)
  2 phantoms
  2 bullfrogs (D:7)
  2 howler monkeys (D:7)
  A hound (D:7)
  A jelly (D:5)
  An orc priest (D:6)
  2 iguanas (D:5)
  2 sleepcaps
  A gnoll bouda (D:5)
  3 orc wizards
  7 gnolls (D:5)
  3 adders
  A shadow imp (D:7)
  A white imp (D:6)
  2 ufetubi (D:5)
  3 dart slugs
  11 orcs
  6 endoplasms
  A giant cockroach (D:1)
  7 goblins
  6 hobgoblins
  7 jackals
  8 kobolds
  4 quokkas
  9 ball pythons
  8 bats
  2 frilled lizards (D:1)
  5 rats
119 creatures vanquished.

Notes
Turn   | Place    | Note
-------+----------+-------------------------------------------
     0 | D:1      | timneilson the Octopode Shapeshifter began the quest for
                  | the Orb.
     0 | D:1      | Reached XP level 1. HP: 13/13 MP: 1/1
    38 | D:1      | Reached XP level 2. HP: 12/18 MP: 2/2
   149 | D:1      | Reached skill level 1 in Stealth
   153 | D:1      | Reached XP level 3. HP: 12/23 MP: 3/3
   229 | D:1      | Found Mumiad's Distillery.
  1312 | D:3      | Reached XP level 4. HP: 28/28 MP: 4/4
  1571 | D:3      | Found a faded altar of an unknown god.
  1901 | D:4      | Found a stormy altar of Qazlal.
  2325 | D:4      | Reached XP level 5. HP: 32/34 MP: 5/5
  2522 | D:5      | Entered Level 5 of the Dungeon
  2652 | D:5      | Noticed a black bear
  2672 | D:5      | Killed a black bear
  2673 | D:5      | Reached skill level 4 in Unarmed Combat
  2763 | D:5      | Noticed a phantom
  2780 | D:5      | Killed a phantom
  2781 | D:5      | Reached skill level 1 in Evocations
  2781 | D:5      | Reached XP level 6. HP: 25/41 MP: 6/6
  2797 | D:5      | Found a staircase to the Ecumenical Temple.
  2806 | Temple   | Entered the Ecumenical Temple
  3330 | D:5      | Reached XP level 7. HP: 27/46 MP: 7/7
  4595 | D:6      | Reached skill level 5 in Unarmed Combat
  4681 | D:6      | Reached XP level 8. HP: 45/54 MP: 8/8
  4871 | D:7      | Reached skill level 5 in Shapeshifting
  5008 | D:7      | Noticed a hornet
  5302 | D:7      | Reached skill level 5 in Dodging
  5309 | D:7      | Found an opulent altar of Gozag.
  5318 | D:7      | Became a worshipper of Gozag Ym Sagoz the Greedy
  5326 | D:7      | Reached skill level 5 in Stealth
  5427 | D:7      | Reached XP level 9. HP: 51/60 MP: 9/9
  5433 | D:7      | Reached skill level 6 in Unarmed Combat
  5434 | D:7      | Reached skill level 5 in Fighting
  5450 | D:7      | HP: 2/61 [steam dragon] (8)]
  5451 | D:7      | Engulfed by a steam dragon's steam

Illustrated notes

Levels and vault maps discovered:
D:1:      minmay_arrival_hallway, layout_basic, serial_shops, shop_fountains,
          supply_closet_lemuel
D:2:      layout_basic
D:3:      layout_loops_ring, shapermc_ecumenical_altar_mp_ritualfount
D:4:      layout_cave_pods, mainiacjoe_overflow_alcove_1
D:5:      layout_layer_cave, temple_hall
D:6:      layout_rooms
D:7:      layout_rooms, mainiacjoe_overflow_small_starburst
Temple:   dpeg_five_rooms_temple

Skill      XL: |  1  2  3  4  5  6  7  8  9 |
---------------+----------------------------+-----
Stealth        | 1 2 3 4 5 |  5.3
Fighting       | 2 3 4 5 |  5.0
Dodging        | 3 4 5 |  5.4
Unarmed Combat | 4 5 6 |  6.1
Evocations     | 1 2 3 |  3.4
Shapeshifting  | 4 5 |  5.6

Action                     |  1- 3 |  4- 6 |  7- 9 || total
---------------------------+-------+-------+-------++-------
  Melee: Unarmed           |    72 |    69 |   117 ||   258
         Constrict         |    16 |    18 |    26 ||    60
         Tentacles         |    15 |    24 |    38 ||    77
         Punch             |       |     1 |     9 ||    10
    Use: Scroll            |     6 |     2 |     6 ||    14
         Potion            |       |       |     4 ||     4
   Stab: Sleeping          |     6 |     7 |     5 ||    18
         Distracted        |     1 |       |       ||     1
 Armour: Skin              |    30 |    28 |    55 ||   113
  Dodge: Dodged            |    43 |    44 |    61 ||   148

Table legend: (Time is in decaauts)
 A = Elapsed time spent in this place.
 B = Non-inter-level travel time spent in this place.
 C = Inter-level travel time spent in this place.
 D = Time resting spent in this place.
 E = Time spent auto-exploring this place.
 F = Levels seen in this place.
 G = Mean time per level.
                   A        B        C        D        E       F      G
               +--------+--------+--------+--------+--------+-----+--------+
         Total |   5428 |   5269 |    159 |    551 |   3667 |   8 |  678.5 |
       Dungeon |   5426 |   5267 |    159 |    551 |   3667 |   7 |  775.1 |
        Temple |      1 |      1 |      0 |      0 |      0 |   1 |    1.0 |
               +--------+--------+--------+--------+--------+-----+--------+

Top non-repeatable levels by time:
     D:5: 1780 daAuts
     D:1: 704 daAuts
     D:4: 656 daAuts
     D:7: 647 daAuts
     D:3: 625 daAuts
     D:2: 526 daAuts
     D:6: 485 daAuts
  Temple: 1 daAuts
